 Dungeon Crawl Stone Soup version 0.28-a0-631-g0446da8ef9 (webtiles) character file.

Game seed: 8352719747704819406

28 Sabo the Shield-Bearer (level 3, 30/30 HPs)
             Began as a Formicid Fighter on Oct 9, 2021.
             Was a Follower of Kikubaaqudgha.
             Got out of the dungeon alive.
             The game lasted 00:03:19 (697 turns).

Sabo the Shield-Bearer (Formicid Fighter)            Turns: 697, Time: 00:03:20

Health: 30/30      AC:  6    Str: 21    XL:     3   Next: 27%
Magic:  3/3        EV:  9    Int:  7    God:    Kikubaaqudgha [*.....]
Gold:   28         SH:  4    Dex: 10    Spells: 2/2 levels left

rFire   . . .      SeeInvis +   a - +0 quarterstaff
rCold   . . .      Faith    .   c - +0 buckler
rNeg    . . .      Spirit   .   b - +0 scale mail
rPois   .          Reflect  .   (helmet unavailable)
rElec   .          Harm     .   (no cloak)
rCorr   .          Rampage  .   (no gloves)
Will    .....                   (no boots)
Stlth   ..........              (no amulet)
HPRegen 0.10/turn               (no ring)
MPRegen 0.08/turn               (no ring)

@: no status effects
A: permanent stasis, dig shafts and tunnels, antennae 3, four strong arms
a: Dig, Shaft Self, Renounce Religion, Receive Corpses


You escaped.
You worshipped Kikubaaqudgha.
Kikubaaqudgha was aware of your devotion.
You visited 1 branch of the dungeon, and saw 1 of its levels.

You collected 28 gold pieces.

Inventory:

Hand Weapons
 a - a +0 quarterstaff (weapon)
Missiles
 g - 18 sling bullets
 h - 6 javelins (quivered)
Armour
 b - a +0 scale mail (worn)
 c - a +0 buckler (worn)
Scrolls
 e - 2 scrolls of identify {unknown}
 f - a scroll of blinking {unknown}
Potions
 d - a potion of might
 i - a potion of curing {unknown}


   Skills:
 + Level 3.8 Fighting
 + Level 2.3 Staves
 + Level 3.6 Armour
 + Level 3.9 Shields


You had 2 spell levels left.
You didn't know any spells.
Your spell library contained the following spells:

 Spells                   Type           Power      Damage    Failure   Level
 Animate Skeleton         Necr           0%         N/A       77%         1
 Pain                     Necr           0%         1d4       77%         1
 Sublimation of Blood     Necr           0%         N/A       88%         2
 Vampiric Draining        Necr           0%         2d6       98%         3


Dungeon Overview and Level Annotations

Branches:
Dungeon (1/15)

Altars:
Kikubaaqudgha


Innate Abilities, Weirdness & Mutations

You cannot be hasted, slowed, berserked, paralysed or teleported.
You can dig through walls and to a lower floor.
You have a pair of large antennae on your head. (SInv)
Your four strong arms can wield two-handed weapons with a shield.


Message History

The bat hits you but does no damage.
You closely miss the bat. You block the bat's attack.
You see here a white potion.
You closely miss the bat. The bat hits you but does no damage. x2
You hit the bat.
You kill the bat!
i - a white potion A kobold comes into view.
It is wielding a +0 whip.
Found a short sword.
The kobold shouts!
The kobold barely misses you.
You barely miss the kobold. You block the kobold's attack.
You thump the kobold!
You kill the kobold!
Things that are here:
a +0 whip; 3 stones; a kobold corpse
There is a faded altar of an unknown god here.
You cannot tell which god this altar belongs to.
Convert to them anyway?
Kikubaaqudgha accepts your prayer! Kikubaaqudgha welcomes you!
You can now receive cadavers from Kikubaaqudgha.
Kikubaaqudgha grants you a gift!
You add the spells Pain, Sublimation of Blood, Animate Skeleton and Vampiric Draining to your library.
Things that are here:
a +0 whip; 3 stones; a kobold corpse A ball python comes into view.
The ball python hisses angrily.
You closely miss the ball python.
The ball python bites you but does no damage.
The ball python barely misses you.
You sock the ball python!
You kill the ball python!
Kikubaaqudgha accepts your kill.
You see here a ball python corpse.
Found 14 arrows.
You see here 14 arrows.
There is a staircase leading out of the dungeon here.
You can't go down here!
Are you sure you want to leave the Dungeon?
This will make you lose the game!
You have escaped!

#........... ..#
#.#.....#.. ...#
#......## ....#
##.....#####.....
##.....#.....#
##.....###...##
##.....#####.#####..
##.....#...........#
#.....###....@....##
#....## ##.......##
#...#.....#.....#....
##..###...###...###...
#..#####.## ##.## #.#
#.......... ... ..
#.########## ..# #.#
.## #†#


There were no monsters in sight!

Vanquished Creatures
  A dart slug (D:1)
  An endoplasm (D:1)
  A giant cockroach (D:1)
  5 goblins (D:1)
  A hobgoblin (D:1)
  A quokka (D:1)
  7 ball pythons (D:1)
  4 bats (D:1)
  A frilled lizard (D:1)
  A kobold (D:1)
  A rat (D:1)
24 creatures vanquished.

Notes
Turn   | Place    | Note
-------+----------+-------------------------------------------
     0 | D:1      | Sabo the Formicid Fighter began the quest for the Orb.
     0 | D:1      | Reached XP level 1. HP: 18/18 MP: 1/1
   179 | D:1      | Reached XP level 2. HP: 24/24 MP: 2/2
   374 | D:1      | Reached XP level 3. HP: 30/30 MP: 3/3
   520 | D:1      | Found a faded altar of an unknown god.
   581 | D:1      | Became a worshipper of Kikubaaqudgha
   581 | D:1      | Reached * piety under Kikubaaqudgha
   581 | D:1      | Received a gift from Kikubaaqudgha
   697 | D:$      | Got out of the dungeon alive.

Illustrated notes

Levels and vault maps discovered:
D:1:      onia_arrival_pyramid, layout_loops_ring,
          dreamdust_ecumenical_altar_grove, hangedman_decor_clover_reticule

Action                   || total
-------------------------++-------
Melee: Quarterstaff      ||    67
Armor: Scale mail        ||    44
Dodge: Dodged            ||    44
Block: Buckler           ||    22

Table legend: (Time is in decaauts)
 A = Elapsed time spent in this place.
 B = Non-inter-level travel time spent in this place.
 C = Inter-level travel time spent in this place.
 D = Time resting spent in this place.
 E = Time spent auto-exploring this place.
 F = Levels seen in this place.
 G = Mean time per level.
                   A        B        C        D        E       F      G
               +--------+--------+--------+--------+--------+-----+--------+
         Total |    710 |    710 |      0 |    125 |      0 |   1 |  710.0 |
       Dungeon |    710 |    710 |      0 |    125 |      0 |   1 |  710.0 |
               +--------+--------+--------+--------+--------+-----+--------+

Top non-repeatable levels by time:
     D:1: 710 daAuts
